 Dungeon Crawl Stone Soup version 0.31-a0-150-g89dc3ad700 (webtiles) character file.

Game seed: 9703291026666944684

254 qw the Shooter (level 5, 0/46 HPs)
             Began as a Minotaur Hunter on June 8, 2023.
             Slain by a gnoll
             ... wielding a +2 spear of venom
             ... led by a gnoll bouda
              (3 damage)
             ... on level 4 of the Dungeon.
             The game lasted 00:00:34 (1153 turns).

qw the Shooter (Minotaur Hunter)                    Turns: 1153, Time: 00:00:34

Health: 0/46       AC:  4    Str: 15    XL:     5   Next: 91%
Magic:  4/4        EV: 12    Int:  6    God:
Gold:   25         SH:  0    Dex: 16    Spells: 4/4 levels left

rFire   . . .        Y - +0 shortbow
rCold   . . .        (shield currently unavailable)
rNeg    . . .        f - +1 leather armour {rPois}
rPois   +            (helmet restricted)
rElec   .            (no cloak)
rCorr   .            (no gloves)
SInv    .            (no boots)
Will    .....        (no amulet)
Stlth   +            (no ring)
HPRegen 0.27/turn    (no ring)
MPRegen 0.09/turn

%: no passive effects
@: lethally poisoned (0 -> -7)
A: horns 2, retaliatory headbutt
a: no special abilities


You were on level 4 of the Dungeon.
You visited 1 branch of the dungeon, and saw 3 of its levels.

You collected 80 gold pieces.
You spent 55 gold pieces at shops.


Innate Abilities, Weirdness & Mutations

You have a pair of horns on your head.
You reflexively headbutt those who attack you in melee.


   Skills:
 - Level 4.0 Fighting
 + Level 7.3 Ranged Weapons
 - Level 2.1 Dodging
 - Level 0.7 Stealth


You had 4 spell levels left.
You didn't know any spells.
Your spell library was empty.

Inventory:

Hand Weapons
 Y - a +0 shortbow (weapon)
Armour
 f - a +1 leather armour of poison resistance (worn)
Scrolls
 a - a scroll of identify {unknown}
Potions
 d - a potion of curing {unknown}
 e - 3 potions of heal wounds

Dungeon Overview and Level Annotations

Branches:
Dungeon (2/15)

Altars:

Shops:
D:2 *


Message History

The gnoll shouts!
The arrow hits the gnoll!
The gnoll is severely wounded.
You shoot an arrow. The arrow hits the gnoll!
The gnoll is heavily wounded.
The gnoll hits you but does no damage.
You shoot an arrow. The arrow hits the gnoll!
You kill the gnoll!
The gnoll misses you.
Your Fighting skill increases to level 4!
You shoot an arrow. The arrow hits the gnoll.
You kill the gnoll!
The gnoll hits you from afar with a +2 spear of venom.
You shoot an arrow. The arrow hits the gnoll bouda.
The gnoll bouda is moderately wounded.
Your attacks no longer feel as feeble.
The gnoll closely misses you.
The gnoll hits you from afar with a +2 spear of venom.
The gnoll bouda misses you.
You shoot an arrow.
The arrow barely misses the gnoll bouda.
The gnoll barely misses you. You furiously retaliate!
You headbutt the gnoll. The gnoll barely misses you.
The gnoll hits you from afar with a +2 spear of venom.
The gnoll bouda hits you with a +0 whip!
You shoot an arrow.
The arrow hits the gnoll bouda but does no damage.
The gnoll bouda is moderately wounded.
The gnoll hits you from afar with a +2 spear of venom.
You are poisoned.
The gnoll barely misses you.
The gnoll bouda hits you with a +0 whip!
You shoot an arrow. The arrow hits the gnoll bouda!
The gnoll bouda is severely wounded.
You feel very sick. The gnoll closely misses you. The gnoll barely misses you.
The gnoll bouda misses you.
The gnoll hits you from afar with a +2 spear of venom!
The gnoll hits you from afar with a +2 spear of venom.
You die...

# . .# #
#######.######..
#...............
######.#.......g.....
#...........77gg.....
#(######..7.7@g)....#
#.# #..77....####.
#.# #....7...#
#.######........#
#...............#
########.#.######
#...# #.### #.


You could see a gnoll bouda and 3 gnolls.

Vanquished Creatures
  Sigmund (D:2)
  Robin (D:2)
  2 gnolls (D:4)
  An adder (D:2)
  A worm (D:2)
  3 endoplasms
  A giant cockroach (D:1)
  13 goblins
  9 hobgoblins
  6 jackals (D:1)
  3 kobolds (D:1)
  6 ball pythons
  A frilled lizard (D:1)
  A rat (D:2)
49 creatures vanquished.

Notes
Turn   | Place    | Note
-------+----------+-------------------------------------------
     0 | D:1      | qw the Minotaur Hunter began the quest for the Orb.
     0 | D:1      | Reached XP level 1. HP: 18/18 MP: 0/0
     0 | D:1      | 0 ||| qw: Version: 0.2-a-119-g0488c42
     0 | D:1      | 0 ||| qw: Game counter: 2699
     0 | D:1      | 0 ||| qw: Always use a shield: true
     0 | D:1      | 0 ||| qw: God list: Okawaru
     0 | D:1      | 0 ||| qw: Allow faded altars: false
     0 | D:1      | 0 ||| qw: Do Orc after D:15 true
     0 | D:1      | 0 ||| qw: Do second Lair branch before Depths: true
     0 | D:1      | 0 ||| qw: Lair rune preference: random
     0 | D:1      | 0 ||| qw: Plans: Normal
     0 | D:1      | 0 ||| PLANNING D:1-11
   145 | D:1      | Reached XP level 2. HP: 25/25 MP: 1/1
   182 | D:1      | Reached skill level 5 in Ranged Weapons
   411 | D:1      | Reached skill level 3 in Fighting
   632 | D:1      | Reached XP level 3. HP: 31/31 MP: 2/2
   687 | D:1      | 687 ||| UPGRADING to +1 leather armour of poison
                  | resistance.
   697 | D:1      | 697 ||| DROPPING +0 leather armour.
   698 | D:1      | 698 ||| DROPPING ring of wizardry.
   699 | D:1      | 699 ||| READING scroll labelled LIEMUN VAUBU.
   700 | D:1      | 700 ||| READING 2 scrolls labelled BUGGAH QOLOARA.
   701 | D:1      | 701 ||| DRINKING 2 cyan potions.
   702 | D:1      | 702 ||| DROPPING scroll of butterflies.
   703 | D:1      | 703 ||| DROPPING scroll of immolation.
   797 | D:2      | Noticed Sigmund
   801 | D:2      | Killed Sigmund
   802 | D:2      | Reached skill level 7 in Ranged Weapons
   802 | D:2      | Reached XP level 4. HP: 38/38 MP: 3/3
   802 | D:2      | Reached XP level 5. HP: 45/45 MP: 4/4
   823 | D:2      | Found Okkiup's General Store.
   837 | D:2      | 837 ||| SHOPLISTING +1 robe of willpower (139 gold, have
                  | 68).
   837 | D:2      | 837 ||| BUYING potion of heal wounds (55 gold).
   837 | D:2      | Bought a potion of heal wounds for 55 gold pieces
   837 | D:2      | 837 ||| SHOPLISTING scroll of identify (22 gold, have 13).
  1049 | D:2      | Noticed Robin
  1059 | D:2      | Killed Robin
  1116 | D:2      | You fall into a shaft and drop 2 floors!
  1153 | D:4      | HP: 3/46 [gnoll/+2 spear of venom[a gnoll bouda] (9)]
  1153 | D:4      | Slain by a gnoll

Levels and vault maps discovered:
D:1:      minmay_arrival_stair_chambers, layout_loops_ring
D:2:      layout_loops_cross, serial_shops, shop_fountains, uniq_robin,
          uniq_terence, uniq_sigmund
D:4:      kennysheep_the_goblin_king, layout_basic,
          nicolae_uskayaw_murder_on_the_dancefloor, led_xom_imps, minivault_25,
          chequers_garden

Skill      XL: |  1  2  3  4  5 |
---------------+----------------+-----
Ranged Weapons | 5 7 |  7.3
Fighting       | 3 4 |  4.0
Dodging        | |  2.1
Stealth        | |  0.7

Action                     |  1- 3 |  4- 6 || total
---------------------------+-------+-------++-------
   Fire: Shortbow          |    99 |    59 ||   158
    Use: Scroll            |     2 |       ||     2
         Potion            |     1 |       ||     1
 Armour: Leather armour    |     7 |     7 ||    14
  Dodge: Dodged            |    31 |    21 ||    52

Table legend:
 A = Non-vault XP
 B = Vault XP
 C = Vault XP percentage of total XP
 D = Non-vault monster count
 E = Vault monster count
 F = Vault count percentage of total count
                 A         B        C        D         E       F
            +---------+---------+-------+---------+---------+-------
      Total |     106 |     258 |  70.9 |      36 |      13 |  26.5
            +---------+---------+-------+---------+---------+-------
        D:1 |      41 |       0 |   0.0 |      23 |       0 |   0.0
        D:2 |      35 |     258 |  88.1 |      11 |      13 |  54.2
        D:4 |      30 |       0 |   0.0 |       2 |       0 |   0.0
            +---------+---------+-------+---------+---------+-------
